ITL
CHATTANOOGA CHINPOKOMON @ RICHMOND FLAIRS
06/18/2030
 
TOP OF THE 1ST
Chattanooga Chinpokomon batting - Pitching for Richmond Flairs : RHP Bryce Davis
Pitching: RHP Bryce Davis
Batting: RHB Ichizo Akiyama 0-0: Foul Ball, location: 2F
0-1: Ball
1-1: Foul Ball, location: 2F
1-2: Foul Ball, location: 2F
1-2: Fly out, F8 (Line Drive, 8RD)
Batting: LHB Mario Cornelo 0-0: Ground out 5-3 (Groundball, 56D)
Batting: RHB Ricardo Salazar 0-0: Ball
1-0: Ball
2-0: Ball
3-0: Called Strike
3-1: Fly out, F9 (Flyball, 9S)
Top of the 1st over - 0 runs, 0 hits, 0 errors, 0 left on base; Chattanooga 0 - Richmond 0
BOTTOM OF THE 1ST
Richmond Flairs batting - Pitching for Chattanooga Chinpokomon : RHP Juan Moreno
Pitching: RHP Juan Moreno
Batting: RHB Lonson Seals 0-0: Foul Ball, location: 2F
0-1: Swinging Strike
0-2: Ball
1-2: Ball
2-2: Foul Ball, location: 2F
2-2: Ball
3-2: SINGLE (Line Drive, 3D)
Batting: RHB Iván De Jesús 0-0: Foul Ball, location: 2F
0-1: Ball
1-1: Ball
2-1: SINGLE (Groundball, P) (infield hit)
Lonson Seals to second
Batting: LHB Luis Villa 0-0: Ball
1-0: SINGLE (Line Drive, 8LS)
Lonson Seals to third
Iván De Jesús to second
Batting: LHB Sean Nicks 0-0: Ball
1-0: Ball
2-0: Ball
3-0: Called Strike
3-1: Base on Balls
Lonson Seals scores
Iván De Jesús to third
Luis Villa to second
Batting: LHB Roland Jones 0-0: Called Strike
0-1: Ball
1-1: Foul Ball, location: 2F
1-2: Ball
2-2: Strikes out looking
Batting: RHB Miguel Hernández 0-0: Called Strike
0-1: Foul Ball, location: 2F
0-2: Fly out, F7 (Flyball, 7S)
Batting: LHB R.J. Courtney 0-0: Called Strike
0-1: Ball
1-1: Ball
2-1: Ground out 3-1 (Groundball, 34S)
Bottom of the 1st over - 1 run, 3 hits, 0 errors, 3 left on base; Chattanooga 0 - Richmond 1
TOP OF THE 2ND
Chattanooga Chinpokomon batting - Pitching for Richmond Flairs : RHP Bryce Davis
Batting: RHB Tom Hicks 0-0: Ball
1-0: Called Strike
1-1: Called Strike
1-2: Foul Ball, location: 2F
1-2: Foul Ball, location: 2F
1-2: Ball
2-2: Foul Ball, location: 2F
2-2: SINGLE (Line Drive, 78S)
Batting: LHB Ramiro Muńóz 0-0: Swinging Strike
0-1: Ball
1-1: Ball
2-1: 2-RUN HOME RUN (Flyball, 9D), Distance : 376 ft
Batting: RHB Jim Beck 0-0: Fly out, F8 (Line Drive, 78M)
Batting: RHB Jesús Tisnado 0-0: Called Strike
0-1: Ball
1-1: Swinging Strike
1-2: Strikes out swinging
Batting: SHB Roberto Rivera 0-0: Called Strike
0-1: Ground out 3-1 (Groundball, 2R)
Top of the 2nd over - 2 runs, 2 hits, 0 errors, 0 left on base; Chattanooga 2 - Richmond 1
BOTTOM OF THE 2ND
Richmond Flairs batting - Pitching for Chattanooga Chinpokomon : RHP Juan Moreno
Batting: RHB Christian Hudson 0-0: Called Strike
0-1: Ball
1-1: Called Strike
1-2: Foul Ball, location: 2F
1-2: Foul Ball, location: 2F
1-2: SOLO HOME RUN (Line Drive, 7D), Distance : 370 ft
Batting: RHB Alejandro Ramos 0-0: Ball
1-0: Called Strike
1-1: Ball
2-1: Ball
3-1: Base on Balls
Batting: RHB Lonson Seals 0-0: Foul Ball, location: 2F
0-1: Called Strike
0-2: Strikes out swinging
Batting: RHB Iván De Jesús 0-0: Ball
1-0: Ball
2-0: Ball
3-0: Base on Balls
Alejandro Ramos to second
Batting: LHB Luis Villa 0-0: Ball
1-0: Swinging Strike
1-1: Called Strike
1-2: Foul Ball, location: 2F
1-2: Fly out, F9 (Flyball, 89D)
Batting: LHB Sean Nicks 0-0: Ball
1-0: Foul Ball, location: 2F
1-1: Called Strike
1-2: Ball
2-2: Ball
3-2: Base on Balls
Alejandro Ramos to third
Iván De Jesús to second
Batting: LHB Roland Jones 0-0: Ball
1-0: SINGLE (Flyball, 7LS)
Alejandro Ramos scores
Iván De Jesús to third
Sean Nicks to second
Runner from 3rd tries for Home, SAFE, no throw
Batting: RHB Miguel Hernández 0-0: Ball
1-0: Foul Ball, location: 2F
1-1: Ball
2-1: Ball
3-1: Foul Ball, location: 2F
3-2: Fly out, F6 (Line Drive, 6)
Bottom of the 2nd over - 3 runs, 2 hits, 0 errors, 2 left on base; Chattanooga 2 - Richmond 4
TOP OF THE 3RD
Chattanooga Chinpokomon batting - Pitching for Richmond Flairs : RHP Bryce Davis
Batting: RHB Ryosei Yamamoto 0-0: Ball
1-0: Fly out, F9 (Flyball, 89S)
Batting: RHB Ichizo Akiyama 0-0: Ball
1-0: SINGLE (Groundball, 34D)
Batting: LHB Mario Cornelo 0-0: Fly out, F7 (Line Drive, 7)
Batting: RHB Ricardo Salazar 0-0: Ball
1-0: Called Strike
Ichizo Akiyama steals 2nd base
1-1: Called Strike
1-2: Ball
2-2: Foul Ball, location: 2F
2-2: SINGLE (Groundball, 34D)
Ichizo Akiyama to third
Runner from 3rd tries for Home, SAFE, no throw
Batting: RHB Tom Hicks 0-0: Foul Ball, location: 2F
0-1: Fly out, F2 (Popup, 2L)
Top of the 3rd over - 1 run, 2 hits, 0 errors, 1 left on base; Chattanooga 3 - Richmond 4
BOTTOM OF THE 3RD
Richmond Flairs batting - Pitching for Chattanooga Chinpokomon : RHP Juan Moreno
Batting: LHB R.J. Courtney 0-0: Ball
1-0: Foul Ball, location: 2F
1-1: Ball
2-1: Foul Ball, location: 2F
2-2: Foul Ball, location: 2F
2-2: SOLO HOME RUN (Flyball, 89D), Distance : 369 ft
Batting: RHB Christian Hudson 0-0: Swinging Strike
0-1: Swinging Strike
0-2: Ball
1-2: Strikes out swinging
Batting: RHB Alejandro Ramos 0-0: SINGLE (Groundball, 34S) (infield hit)
Batting: RHB Lonson Seals 0-0: Fielders Choice at 2nd, 1-6 (Groundball, P)
Batting: RHB Iván De Jesús 0-0: Swinging Strike
0-1: Called Strike
0-2: Ball
1-2: Ball
2-2: Ball
3-2: Base on Balls
Lonson Seals to second
Batting: LHB Luis Villa 0-0: Called Strike
0-1: Foul Ball, location: 2F
0-2: Foul Ball, location: 2F
0-2: 3-RUN HOME RUN (Flyball, 78XD), Distance : 390 ft
Batting: LHB Sean Nicks 0-0: Swinging Strike
0-1: Ball
1-1: Ball
2-1: Ball
3-1: Swinging Strike
3-2: Strikes out swinging
Bottom of the 3rd over - 4 runs, 3 hits, 0 errors, 0 left on base; Chattanooga 3 - Richmond 8
TOP OF THE 4TH
Chattanooga Chinpokomon batting - Pitching for Richmond Flairs : RHP Bryce Davis
Batting: LHB Ramiro Muńóz 0-0: Called Strike
0-1: Fly out, F5 (Line Drive, 5)
Batting: RHB Jim Beck 0-0: Called Strike
0-1: Ball
1-1: Foul Ball, location: 2F
1-2: Ball
2-2: Foul Ball, location: 2F
2-2: Fly out, F9 (Line Drive, 89D)
Batting: RHB Jesús Tisnado 0-0: Swinging Strike
0-1: Foul Ball, location: 2F
0-2: Foul Ball, location: 2F
0-2: Strikes out swinging
Top of the 4th over - 0 runs, 0 hits, 0 errors, 0 left on base; Chattanooga 3 - Richmond 8
BOTTOM OF THE 4TH
Richmond Flairs batting - Pitching for Chattanooga Chinpokomon : RHP Juan Moreno
Pitching: RHP Charles Palmeiro
Batting: LHB Roland Jones 0-0: Ball
1-0: Foul Ball, location: 2F
1-1: SINGLE (Groundball, 6D)
Batting: RHB Miguel Hernández 0-0: Ball
1-0: Ball
2-0: Ball
3-0: Called Strike
3-1: Foul Ball, location: 2F
3-2: SINGLE (Line Drive, 7S)
Roland Jones to second
Batting: LHB R.J. Courtney 0-0: Swinging Strike
0-1: Ball
1-1: Called Strike
1-2: Ball
2-2: Foul Ball, location: 2F
2-2: Foul Ball, location: 2F
2-2: Foul Ball, location: 2F
2-2: Foul Ball, location: 2F
2-2: Foul Ball, location: 2F
2-2: Ball
3-2: Fly out, F8 (Line Drive, 8RM)
Batting: RHB Christian Hudson 0-0: Called Strike
0-1: Ball
1-1: Grounds into double play, 5-4-3 (Groundball, 56)
Bottom of the 4th over - 0 runs, 2 hits, 0 errors, 1 left on base; Chattanooga 3 - Richmond 8
TOP OF THE 5TH
Chattanooga Chinpokomon batting - Pitching for Richmond Flairs : RHP Bryce Davis
Batting: SHB Roberto Rivera 0-0: Ball
1-0: Ball
2-0: Ball
3-0: Called Strike
3-1: SINGLE (Line Drive, 4D)
Batting: RHB Ryosei Yamamoto 0-0: Swinging Strike
0-1: Ball
1-1: Ball
2-1: DOUBLE (Flyball, 8LXD)
Roberto Rivera to third
Batting: RHB Ichizo Akiyama 0-0: Called Strike
0-1: Fly out, F7 (Flyball, 7S)
Batting: LHB Mario Cornelo 0-0: Ball
1-0: SINGLE (Line Drive, 78S)
Roberto Rivera scores
Ryosei Yamamoto to third
Batting: RHB Ricardo Salazar 0-0: Called Strike
0-1: Ball
1-1: Ball
2-1: SINGLE (Line Drive, 89S)
Ryosei Yamamoto scores
Mario Cornelo to second
Pitching: RHP Brendan Green
Batting: RHB Tom Hicks 0-0: Foul Ball, location: 2F
0-1: Called Strike
0-2: Foul Ball, location: 2F
0-2: Foul Ball, location: 2F
0-2: Ball
1-2: Strikes out swinging
Batting: LHB Ramiro Muńóz 0-0: Called Strike
0-1: Fielders Choice at 2nd, 6-4 (Groundball, 6)
Top of the 5th over - 2 runs, 4 hits, 0 errors, 2 left on base; Chattanooga 5 - Richmond 8
BOTTOM OF THE 5TH
Richmond Flairs batting - Pitching for Chattanooga Chinpokomon : RHP Charles Palmeiro
Batting: RHB Alejandro Ramos 0-0: Foul Ball, location: 2F
0-1: Ground out 6-3 (Groundball, 6S)
Batting: RHB Lonson Seals 0-0: Ball
1-0: Ball
2-0: Foul Ball, location: 2F
2-1: Ball
3-1: Fly out, F8 (Flyball, 8RD)
Batting: RHB Iván De Jesús 0-0: Called Strike
0-1: Ball
1-1: Called Strike
1-2: Strikes out looking
Bottom of the 5th over - 0 runs, 0 hits, 0 errors, 0 left on base; Chattanooga 5 - Richmond 8
TOP OF THE 6TH
Chattanooga Chinpokomon batting - Pitching for Richmond Flairs : RHP Brendan Green
Batting: RHB Jim Beck 0-0: Ball
1-0: Foul Ball, location: 2F
1-1: Called Strike
1-2: Fly out, F8 (Flyball, 8RD)
Batting: RHB Jesús Tisnado 0-0: Swinging Strike
0-1: Ball
1-1: Foul Ball, location: 2F
1-2: Ball
2-2: Ball
3-2: Fly out, F5 (Popup, 5F)
Batting: SHB Roberto Rivera 0-0: Fly out, F8 (Flyball, 8LM)
Top of the 6th over - 0 runs, 0 hits, 0 errors, 0 left on base; Chattanooga 5 - Richmond 8
BOTTOM OF THE 6TH
Richmond Flairs batting - Pitching for Chattanooga Chinpokomon : RHP Charles Palmeiro
Batting: LHB Luis Villa 0-0: Called Strike
0-1: Called Strike
0-2: Ball
1-2: Strikes out looking
Batting: LHB Sean Nicks 0-0: Fly out, F3 (Popup, 3)
Batting: LHB Roland Jones 0-0: Called Strike
0-1: Ball
1-1: Ball
2-1: Fly out, F9 (Flyball, 9LS)
Bottom of the 6th over - 0 runs, 0 hits, 0 errors, 0 left on base; Chattanooga 5 - Richmond 8
TOP OF THE 7TH
Chattanooga Chinpokomon batting - Pitching for Richmond Flairs : RHP Brendan Green
Batting: RHB Ryosei Yamamoto 0-0: Fly out, F4 (Line Drive, 4M)
Batting: RHB Ichizo Akiyama 0-0: Called Strike
0-1: Ground out 1-3 (Groundball, 15S)
Batting: LHB Mario Cornelo 0-0: Ball
1-0: Ball
2-0: Ball
3-0: Called Strike
3-1: Base on Balls
Batting: RHB Ricardo Salazar 0-0: Ball
1-0: Foul Ball, location: 2F
1-1: Ball
2-1: Called Strike
2-2: Ball
3-2: Strikes out swinging
Top of the 7th over - 0 runs, 0 hits, 0 errors, 1 left on base; Chattanooga 5 - Richmond 8
BOTTOM OF THE 7TH
Richmond Flairs batting - Pitching for Chattanooga Chinpokomon : RHP Charles Palmeiro
Batting: RHB Miguel Hernández 0-0: Called Strike
0-1: Ball
1-1: Foul Ball, location: 2F
1-2: Ball
2-2: SINGLE (Line Drive, 89S)
Pitching: LHP Mario Solíz
Batting: LHB R.J. Courtney 0-0: Ball
1-0: Sac Bunt - play at first, batter OUT! 1-4
Miguel Hernández to second
Pitching: RHP Claudio Ramírez
Batting: RHB Christian Hudson 0-0: Ball
1-0: SINGLE (Groundball, 56D)
Miguel Hernández to third
Runner from 3rd tries for Home, SAFE, no throw
Batting: RHB Alejandro Ramos 0-0: Ball
1-0: Foul Ball, location: 2F
1-1: Ball
2-1: Swinging Strike
2-2: Strikes out swinging
Batting: RHB Lonson Seals 0-0: Ball
1-0: Called Strike
1-1: Swinging Strike
1-2: Foul Ball, location: 2F
1-2: Fly out, F9 (Flyball, 9D)
Bottom of the 7th over - 1 run, 2 hits, 0 errors, 1 left on base; Chattanooga 5 - Richmond 9
TOP OF THE 8TH
Chattanooga Chinpokomon batting - Pitching for Richmond Flairs : RHP Brendan Green
Batting: RHB Tom Hicks 0-0: Called Strike
0-1: Swinging Strike
0-2: Ball
1-2: Foul Ball, location: 2F
1-2: Foul Ball, location: 2F
1-2: Fly out, F9 (Flyball, 9LMF)
Batting: LHB Ramiro Muńóz 0-0: Called Strike
0-1: Called Strike
0-2: Fly out, F7 (Flyball, 7D)
Batting: RHB Jim Beck 0-0: Swinging Strike
0-1: Fly out, F5 (Line Drive, 56S)
Top of the 8th over - 0 runs, 0 hits, 0 errors, 0 left on base; Chattanooga 5 - Richmond 9
BOTTOM OF THE 8TH
Richmond Flairs batting - Pitching for Chattanooga Chinpokomon : RHP Claudio Ramírez
Batting: RHB Iván De Jesús 0-0: Foul Ball, location: 2F
0-1: Foul Ball, location: 2F
0-2: Ball
1-2: Ball
2-2: Foul Ball, location: 2F
2-2: Ball
3-2: Strikes out looking
Batting: LHB Luis Villa 0-0: Ball
1-0: Called Strike
1-1: Ground out 3-1 (Groundball, 34)
Batting: LHB Sean Nicks 0-0: Swinging Strike
0-1: Ball
1-1: Foul Ball, location: 2F
1-2: Ball
2-2: Ball
3-2: Base on Balls
Batting: LHB Roland Jones 0-0: Foul Ball, location: 2F
0-1: SINGLE (Flyball, 7S)
Sean Nicks to second
Batting: RHB Miguel Hernández 0-0: Fly out, F8 (Flyball, 8RD)
Bottom of the 8th over - 0 runs, 1 hit, 0 errors, 2 left on base; Chattanooga 5 - Richmond 9
TOP OF THE 9TH
Chattanooga Chinpokomon batting - Pitching for Richmond Flairs : RHP Brendan Green
Batting: RHB Jesús Tisnado 0-0: SOLO HOME RUN (Line Drive, 7LD), Distance : 335 ft
Batting: SHB Roberto Rivera 0-0: Swinging Strike
0-1: Swinging Strike
0-2: Ball
1-2: Foul Ball, location: 2F
1-2: Ball
2-2: Foul Ball, location: 2F
2-2: Ball
3-2: Fly out, F9 (Line Drive, 89M)
Batting: RHB Ryosei Yamamoto 0-0: Ball
1-0: Bunt for hit - play at first, batter OUT! 1-3
Batting: RHB Ichizo Akiyama 0-0: Fly out, F6 (Popup, 6MS)
Top of the 9th over - 1 run, 1 hit, 0 errors, 0 left on base; Chattanooga 6 - Richmond 9
Saturday, April 7th, 2018 - OOTP Baseball 18.8 Build 76